PR
HUDSONVILLE FLANDERSES @ VALLEY VIEW COUGARS
07/18/2038
 
TOP OF THE 1ST
Hudsonville Flanderses batting - Pitching for Valley View Cougars : RHP Chris Plautz
Pitching: RHP Chris Plautz
Batting: RHB Cristo Lucas 0-0: Swinging Strike
0-1: SINGLE (Groundball, 4D, EV 95.0 MPH)
Batting: SHB Francisco Daulong 0-0: Called Strike
0-1: Ball
1-1: SINGLE (Groundball, 34D, EV 105.0 MPH)
Cristo Lucas to second
Runner from 2nd tries for 3rd, SAFE, no throw by RF
Batting: RHB Wendel Koudstaal 0-0: Swinging Strike
0-1: Swinging Strike
0-2: Strikes out swinging
Batting: LHB Anton Zdravomyslov 0-0: Called Strike
Francisco Daulong steals 2nd base
0-1: Fly out, F8 (Line Drive, 8LD, EV 103.1 MPH)
Runner from 3rd tags up, OUT at HOME! 8-2
Top of the 1st over - 0 runs, 2 hits, 0 errors, 1 left on base; Hudsonville 0 - Valley View 0
BOTTOM OF THE 1ST
Valley View Cougars batting - Pitching for Hudsonville Flanderses : RHP Javier Guillén
Pitching: RHP Javier Guillén
Batting: RHB Jerry Scott 0-0: Called Strike
0-1: Foul Ball, location: 2F
0-2: Ball
1-2: Ball
2-2: Foul Ball, location: 2F
2-2: Ground out 5-3 (Groundball, 56, EV 87.5 MPH)
Batting: LHB Quentin Batkin 0-0: Called Strike
0-1: Swinging Strike
0-2: Ground out 4-3 (Groundball, 4M, EV 103.8 MPH)
Batting: LHB Ruhinda Kirkconnell 0-0: Ball
1-0: SINGLE (Groundball, 34D, EV 96.2 MPH)
Batting: LHB Samual Johnson 0-0: Ball
Ruhinda Kirkconnell steals 2nd base
1-0: Swinging Strike
1-1: Ball
2-1: Ground out 2-3 (Groundball, 15S, EV 60.6 MPH)
Bottom of the 1st over - 0 runs, 1 hit, 0 errors, 1 left on base; Hudsonville 0 - Valley View 0
TOP OF THE 2ND
Hudsonville Flanderses batting - Pitching for Valley View Cougars : RHP Chris Plautz
Batting: RHB Iván Coello 0-0: Fly out, F8 (Flyball, 78S, EV 84.4 MPH)
Batting: RHB Robert Love 0-0: Ball
1-0: Swinging Strike
1-1: Foul Ball, location: 2F
1-2: Foul Ball, location: 2F
1-2: SINGLE (Line Drive, 34, EV 110.0 MPH)
Batting: RHB José Salas 0-0: Called Strike
0-1: DOUBLE (Groundball, 5L, EV 96.2 MPH)
Robert Love to third
Runner from 3rd tries for Home, SAFE, no throw by LF
Batting: RHB Rich Williams 0-0: Ball
1-0: Swinging Strike
1-1: Ball
2-1: SINGLE (Groundball, 56D, EV 102.5 MPH)
José Salas to third
Runner from 3rd tries for Home, SAFE, throw by LF to home
Batting: RHB Yosuke Konishi 0-0: Fly out, F4 (Popup, 4, EV 65.0 MPH)
Batting: RHB Cristo Lucas 0-0: Ground out 1-3 (Groundball, 13, EV 88.8 MPH)
Top of the 2nd over - 2 runs, 3 hits, 0 errors, 1 left on base; Hudsonville 2 - Valley View 0
BOTTOM OF THE 2ND
Valley View Cougars batting - Pitching for Hudsonville Flanderses : RHP Javier Guillén
Batting: RHB John Ingham 0-0: Called Strike
0-1: Ball
1-1: Called Strike
1-2: SINGLE (Line Drive, 6MD, EV 97.5 MPH)
Batting: LHB Luis Ortíz 0-0: Foul Ball, location: 2F
0-1: Ball
1-1: Fielders Choice at 2nd, 4-6 (Groundball, 34D, EV 98.1 MPH)
Batting: LHB Davey Grant 0-0: Ball
1-0: Foul Ball, location: 2F
1-1: Ball
2-1: Foul Ball, location: 2F
2-2: Foul Ball, location: 2F
2-2: Foul Ball, location: 2F
2-2: Ball
3-2: SINGLE (Groundball, 56D, EV 94.4 MPH)
Luis Ortíz to second
Batting: RHB Steve Roberson 0-0: Ball
1-0: Called Strike
1-1: Fly out, F7 (Flyball, 78M, EV 85.6 MPH)
Batting: RHB Justin Schock 0-0: Ball
1-0: Called Strike
1-1: Swinging Strike
1-2: Foul Ball, location: 2F
1-2: Fly out, F8 (Flyball, 8RD, EV 102.5 MPH)
Bottom of the 2nd over - 0 runs, 2 hits, 0 errors, 2 left on base; Hudsonville 2 - Valley View 0
TOP OF THE 3RD
Hudsonville Flanderses batting - Pitching for Valley View Cougars : RHP Chris Plautz
Batting: SHB Francisco Daulong 0-0: Ball
1-0: Called Strike
1-1: Ball
2-1: Foul Ball, location: 2F
2-2: Strikes out looking
Batting: RHB Wendel Koudstaal 0-0: Ball
1-0: Ball
2-0: Fly out, F6 (Line Drive, 6, EV 70.0 MPH)
Batting: LHB Anton Zdravomyslov 0-0: Ball
1-0: Ball
2-0: SINGLE (Groundball, 3D, EV 95.6 MPH)
Batting: RHB Iván Coello 0-0: Ball
1-0: Called Strike
1-1: Ball
2-1: Ball
3-1: Ground out 1-3 (Groundball, P, EV 86.2 MPH)
Top of the 3rd over - 0 runs, 1 hit, 0 errors, 1 left on base; Hudsonville 2 - Valley View 0
BOTTOM OF THE 3RD
Valley View Cougars batting - Pitching for Hudsonville Flanderses : RHP Javier Guillén
Batting: RHB Jerry Scott 0-0: Foul Ball, location: 2F
0-1: Ball
1-1: Foul Ball, location: 2F
1-2: Ground out 4-3 (Groundball, 4, EV 101.2 MPH)
Batting: LHB Quentin Batkin 0-0: Foul Ball, location: 2F
0-1: Ball
1-1: Ball
2-1: Foul Ball, location: 2F
2-2: Ball
3-2: SINGLE (Groundball, 3D, EV 96.9 MPH)
Batting: LHB Ruhinda Kirkconnell 0-0: Called Strike
0-1: Called Strike
0-2: Foul Ball, location: 2F
0-2: Ball
1-2: Ball
2-2: Foul Ball, location: 2F
2-2: Ground out 4-3 (Groundball, 4, EV 98.1 MPH)
Quentin Batkin to second
Batting: LHB Samual Johnson 0-0: Ball
1-0: Called Strike
1-1: DOUBLE (Flyball, 8LXD, EV 100.6 MPH)
Quentin Batkin scores
Batting: RHB John Ingham 0-0: Called Strike
0-1: Ball
1-1: Called Strike
1-2: Ball
2-2: Ball
3-2: Fly out, F8 (Line Drive, 8RD, EV 105.0 MPH)
Bottom of the 3rd over - 1 run, 2 hits, 0 errors, 1 left on base; Hudsonville 2 - Valley View 1
TOP OF THE 4TH
Hudsonville Flanderses batting - Pitching for Valley View Cougars : RHP Chris Plautz
Batting: RHB Robert Love 0-0: Called Strike
0-1: Ground out U3 (Groundball, 34, EV 81.9 MPH)
Batting: RHB José Salas 0-0: Ball
1-0: DOUBLE (Groundball, 3L, EV 101.2 MPH)
Batting: RHB Rich Williams 0-0: Ball
1-0: Ball
2-0: Foul Ball, location: 2F
2-1: Swinging Strike
2-2: Ball
3-2: Foul Ball, location: 2F
3-2: Foul Ball, location: 2F
3-2: Foul Ball, location: 2F
3-2: Strikes out looking
Batting: RHB Yosuke Konishi 0-0: Ground out 5-3 (Groundball, 56, EV 97.5 MPH)
Top of the 4th over - 0 runs, 1 hit, 0 errors, 1 left on base; Hudsonville 2 - Valley View 1
BOTTOM OF THE 4TH
Valley View Cougars batting - Pitching for Hudsonville Flanderses : RHP Javier Guillén
Batting: LHB Luis Ortíz 0-0: Ball
1-0: Swinging Strike
1-1: SINGLE (Flyball, 89S, EV 90.6 MPH)
Batting: LHB Davey Grant 0-0: Ball
1-0: Ball
2-0: Called Strike
2-1: 2-RUN HOME RUN (Flyball, 78XD, EV 95.6 MPH), Distance : 403 ft
Batting: RHB Steve Roberson 0-0: Fly out, F8 (Flyball, 8LM, EV 90.0 MPH)
Batting: RHB Justin Schock 0-0: Ball
1-0: SINGLE (Flyball, 8LS, EV 94.4 MPH)
Batting: RHB Jerry Scott 0-0: Fielders Choice at 2nd, 1-6 (Groundball, 13S, EV 75.0 MPH)
Batting: LHB Quentin Batkin 0-0: DOUBLE (Line Drive, 9LM, EV 105.0 MPH)
Jerry Scott to third
Batting: LHB Ruhinda Kirkconnell 0-0: Called Strike
0-1: Fly out, F9 (Flyball, 9, EV 76.9 MPH)
Bottom of the 4th over - 2 runs, 4 hits, 0 errors, 2 left on base; Hudsonville 2 - Valley View 3
TOP OF THE 5TH
Hudsonville Flanderses batting - Pitching for Valley View Cougars : RHP Chris Plautz
Batting: RHB Cristo Lucas 0-0: SINGLE (Groundball, 4MD, EV 96.2 MPH)
Batting: SHB Francisco Daulong 0-0: Swinging Strike
0-1: Fly out, F8 (Flyball, 8RXD, EV 88.1 MPH)
Batting: RHB Wendel Koudstaal 0-0: Ball
1-0: Ball
2-0: Called Strike
2-1: Ball
3-1: Swinging Strike
3-2: Fly out, F7 (Line Drive, 7, EV 92.5 MPH)
Batting: LHB Anton Zdravomyslov 0-0: Ball
1-0: Ball
2-0: Called Strike
2-1: Ball
3-1: Base on Balls
Cristo Lucas to second
Batting: RHB Iván Coello 0-0: Called Strike
0-1: Ball
1-1: Ball
2-1: Ball
3-1: Base on Balls
Cristo Lucas to third
Anton Zdravomyslov to second
Batting: RHB Robert Love 0-0: Foul Ball, location: 2F
0-1: SINGLE (Groundball, 6D, EV 105.0 MPH)
Cristo Lucas scores
Anton Zdravomyslov to third
Iván Coello to second
Runner from 3rd tries for Home, SAFE, throw by LF to home
Batting: RHB José Salas 0-0: Foul Ball, location: 2F
0-1: Ball
1-1: Fly out, F3 (Popup, 3SF, EV 66.2 MPH)
Top of the 5th over - 2 runs, 2 hits, 0 errors, 2 left on base; Hudsonville 4 - Valley View 3
BOTTOM OF THE 5TH
Valley View Cougars batting - Pitching for Hudsonville Flanderses : RHP Javier Guillén
Batting: LHB Samual Johnson 0-0: Foul Ball, location: 2F
0-1: Ground out 4-3 (Groundball, 4MS, EV 85.6 MPH)
Batting: RHB John Ingham 0-0: Ball
1-0: Ball
2-0: Ball
3-0: Called Strike
3-1: Fly out, F9 (Flyball, 9S, EV 84.4 MPH)
Batting: LHB Luis Ortíz 0-0: Called Strike
0-1: Fly out, F8 (Flyball, 8RD, EV 89.4 MPH)
Bottom of the 5th over - 0 runs, 0 hits, 0 errors, 0 left on base; Hudsonville 4 - Valley View 3
TOP OF THE 6TH
Hudsonville Flanderses batting - Pitching for Valley View Cougars : RHP Chris Plautz
Batting: RHB Rich Williams 0-0: Reached on error, E5 (Groundball, 56S, EV 87.5 MPH)
Batting: RHB Yosuke Konishi 0-0: Sac Bunt to 2L - play at first, batter safe!
Rich Williams to second
Batting: RHB Cristo Lucas 0-0: Grounds into double play, 5-4-3 (Groundball, 56S, EV 84.4 MPH)
Rich Williams to third
Batting: SHB Francisco Daulong 0-0: Called Strike
0-1: Ball
1-1: 2-RUN HOME RUN (Flyball, 9LD, EV 92.5 MPH), Distance : 347 ft
Pitching: LHP Sean Boyd
Batting: RHB Wendel Koudstaal 0-0: Ball
1-0: Called Strike
1-1: Swinging Strike
1-2: Ball
2-2: Ground out 4-3 (Groundball, 4S, EV 91.2 MPH)
Top of the 6th over - 2 runs, 2 hits, 1 error, 0 left on base; Hudsonville 6 - Valley View 3
BOTTOM OF THE 6TH
Valley View Cougars batting - Pitching for Hudsonville Flanderses : RHP Javier Guillén
Batting: LHB Davey Grant 0-0: Ball
1-0: Called Strike
1-1: Fly out, F8 (Line Drive, 8RM, EV 103.1 MPH)
Batting: RHB Steve Roberson 0-0: Foul Ball, location: 2F
0-1: Reached on error, E6 (Groundball, 56, EV 86.9 MPH)
Batting: RHB Justin Schock 0-0: Called Strike
0-1: Ball
1-1: Ball
2-1: Foul Ball, location: 2F
2-2: Foul Ball, location: 2F
2-2: DOUBLE (Line Drive, 78XD, EV 101.2 MPH)
Steve Roberson scores
Pinch Runner at 2nd Joey Terry:
Batting: RHB Jerry Scott 0-0: Ball
1-0: Ball
2-0: SINGLE (Flyball, 8LS, EV 91.9 MPH)
Joey Terry to third
Pitching: RHP Yeijiro Inoue
Batting: LHB Quentin Batkin 0-0: Called Strike
0-1: Ball
1-1: Foul Ball, location: 2F
1-2: Foul Ball, location: 2F
1-2: Ball
2-2: Fly out, F8 (Flyball, 8LS, EV 78.8 MPH)
Batting: LHB Ruhinda Kirkconnell 0-0: Called Strike
0-1: Ball
1-1: Ball
2-1: Called Strike
2-2: Fly out, F8 (Line Drive, 8RD, EV 90.0 MPH)
Bottom of the 6th over - 1 run, 2 hits, 1 error, 2 left on base; Hudsonville 6 - Valley View 4
TOP OF THE 7TH
Hudsonville Flanderses batting - Pitching for Valley View Cougars : LHP Sean Boyd
Now at 3B: David Donald
Batting: LHB Anton Zdravomyslov 0-0: Ball
1-0: Ball
2-0: Foul Ball, location: 2F
2-1: Swinging Strike
2-2: Strikes out swinging
Batting: RHB Iván Coello 0-0: Ball
1-0: Swinging Strike
1-1: Ball
2-1: Foul Ball, location: 2F
2-2: Fly out, F9 (Flyball, 9D, EV 93.8 MPH)
Batting: RHB Robert Love 0-0: Fly out, F7 (Flyball, 78S, EV 89.4 MPH)
Top of the 7th over - 0 runs, 0 hits, 0 errors, 0 left on base; Hudsonville 6 - Valley View 4
BOTTOM OF THE 7TH
Valley View Cougars batting - Pitching for Hudsonville Flanderses : RHP Yeijiro Inoue
Batting: LHB Samual Johnson 0-0: Ball
1-0: Ball
2-0: Ball
3-0: Called Strike
3-1: SOLO HOME RUN (Flyball, 89XD, EV 100.0 MPH), Distance : 416 ft
Batting: RHB John Ingham 0-0: Called Strike
0-1: Foul Ball, location: 2F
0-2: Strikes out swinging
Pitching: RHP Basem Al-Saodi
Batting: LHB Luis Ortíz 0-0: Called Strike
0-1: Foul Ball, location: 2F
0-2: Ball
1-2: Strikes out swinging
Batting: LHB Davey Grant 0-0: Ball
1-0: Foul Ball, location: 2F
1-1: Foul Ball, location: 2F
1-2: Ball
2-2: Fly out, F3 (Line Drive, 3, EV 65.6 MPH)
Bottom of the 7th over - 1 run, 1 hit, 0 errors, 0 left on base; Hudsonville 6 - Valley View 5
TOP OF THE 8TH
Hudsonville Flanderses batting - Pitching for Valley View Cougars : LHP Sean Boyd
Batting: RHB José Salas 0-0: Ball
1-0: Ball
2-0: Foul Ball, location: 2F
2-1: Foul Ball, location: 2F
2-2: Ground out 1-3 (Groundball, 15S, EV 71.2 MPH)
Batting: RHB Rich Williams 0-0: Ground out U3 (Groundball, 3, EV 81.2 MPH)
Batting: RHB Yosuke Konishi 0-0: Ball
1-0: Foul Ball, location: 2F
1-1: Ball
2-1: Foul Ball, location: 2F
2-2: SINGLE (Groundball, 4MD, EV 108.8 MPH)
Batting: RHB Cristo Lucas 0-0: Called Strike
0-1: Swinging Strike
0-2: Ball
1-2: Strikes out swinging
Top of the 8th over - 0 runs, 1 hit, 0 errors, 1 left on base; Hudsonville 6 - Valley View 5
BOTTOM OF THE 8TH
Valley View Cougars batting - Pitching for Hudsonville Flanderses : RHP Basem Al-Saodi
Batting: RHB Steve Roberson 0-0: Foul Ball, location: 2F
0-1: Ball
1-1: Ball
2-1: Ball
3-1: Base on Balls
Batting: RHB David Donald 0-0: Sac Bunt to 3S - play at first, batter OUT! 3-1
Steve Roberson to second
Batting: RHB Jerry Scott 0-0: Ball
1-0: Called Strike
1-1: Ball
2-1: Ball
3-1: Foul Ball, location: 2F
3-2: Foul Ball, location: 2F
3-2: Base on Balls
Batting: LHB Quentin Batkin 0-0: Ball
1-0: Ball
2-0: Called Strike
2-1: Ball
3-1: Called Strike
3-2: Base on Balls
Steve Roberson to third
Jerry Scott to second
Batting: LHB Ruhinda Kirkconnell 0-0: Ball
1-0: Foul Ball, location: 2F
1-1: SINGLE (Flyball, 7S, EV 91.2 MPH)
Steve Roberson scores
Jerry Scott to third
Quentin Batkin to second
Batting: LHB Samual Johnson 0-0: Ball
1-0: Called Strike
1-1: Ball
2-1: Ball
3-1: GRAND SLAM HOME RUN (Line Drive, 89XD, EV 105.0 MPH), Distance : 428 ft
Batting: RHB John Ingham 0-0: Ball
1-0: SINGLE (Groundball, 6D, EV 106.2 MPH)
Batting: LHB Luis Ortíz 0-0: Called Strike
John Ingham is caught stealing 2nd base 2-6
0-1: Ball
1-1: Ball
2-1: SINGLE (Groundball, 56D, EV 97.5 MPH)
Batting: LHB Davey Grant 0-0: Called Strike
0-1: Ball
1-1: Ball
2-1: Foul Ball, location: 2F
2-2: Ball
3-2: Foul Ball, location: 2F
3-2: Foul Ball, location: 2F
3-2: Foul Ball, location: 2F
3-2: Base on Balls
Luis Ortíz to second
Batting: RHB Steve Roberson 0-0: Foul Ball, location: 2F
0-1: Ball
1-1: Ball
2-1: SINGLE (Line Drive, 89M, EV 92.5 MPH)
Luis Ortíz to third
Davey Grant to second
Batting: RHB David Donald 0-0: Ball
1-0: Ball
2-0: Foul Ball, location: 2F
2-1: Ball
3-1: Foul Ball, location: 2F
3-2: Base on Balls
Luis Ortíz scores
Davey Grant to third
Steve Roberson to second
Pitching: RHP Gerard Tremwade
Batting: RHB Jerry Scott 0-0: Called Strike
0-1: Called Strike
0-2: Ball
1-2: Ball
2-2: Ball
3-2: Foul Ball, location: 2F
3-2: SINGLE (Flyball, 7S, EV 99.4 MPH)
Davey Grant scores
Steve Roberson to third
David Donald to second
Steve Roberson scores
David Donald to third
Pinch Hitting: RHB José Navarro 0-0: Swinging Strike
0-1: Foul Ball, location: 2F
0-2: Fielders Choice at 2nd, 5-4 (Groundball, 5, EV 103.8 MPH)
Bottom of the 8th over - 8 runs, 6 hits, 0 errors, 2 left on base; Hudsonville 6 - Valley View 13
TOP OF THE 9TH
Hudsonville Flanderses batting - Pitching for Valley View Cougars : LHP Sean Boyd
Now at SS: José Navarro
Batting: SHB Francisco Daulong 0-0: Ball
1-0: Ball
2-0: Foul Ball, location: 2F
2-1: Ground out 5-3 (Groundball, 5S, EV 68.1 MPH)
Pinch Hitting: RHB Richard Jacobson 0-0: Fly out, F8 (Flyball, 8LM, EV 81.2 MPH)
Batting: LHB Anton Zdravomyslov 0-0: Ball
1-0: Fly out, F8 (Flyball, 8RD, EV 101.9 MPH)
Top of the 9th over - 0 runs, 0 hits, 0 errors, 0 left on base; Hudsonville 6 - Valley View 13
Friday, April 17th, 2020 - OOTP Baseball 20.8 Build 74